 Dungeon Crawl Stone Soup version 0.26-a0-362-g1d9a9cd4fa (webtiles) character file.

Game seed: 15852604479535740253

210 BritishOli the Skirmisher (level 5, -6/42 HPs)
             Began as a Demonspawn Fighter on July 18, 2020.
             Mangled by an orc warrior
             ... wielding a +0 glaive
              (11 damage)
             ... on level 4 of the Dungeon.
             The game lasted 00:01:58 (3235 turns).

BritishOli the Skirmisher (Demonspawn Fighter)      Turns: 3235, Time: 00:01:58

Health: -6/42      AC:  8    Str: 18    XL:     5   Next: 57%
Magic:  5/5        EV:  7    Int:  9    God:
Gold:   224        SH:  9    Dex: 12    Spells: 4/4 levels left

rFire    . . .     SeeInvis .   a - +0 long sword
rCold    . . .     Faith    .   c - +0 kite shield
rNeg     + . .     Spirit   .   b - +0 scale mail
rPois    .         Reflect  .   (no helmet)
rElec    .         Harm     .   (no cloak)
rCorr    .                      (no gloves)
MR       .....                  k - +0 pair of boots
Stlth    ..........             (no amulet)
HPRegen  0.14/turn              h - ring of positive energy
MPRegen  0.09/turn              (no ring)

@: no status effects
A: claws 2
a: no special abilities


You were on level 4 of the Dungeon.
You visited 1 branch of the dungeon, and saw 4 of its levels.

You collected 224 gold pieces.

Inventory:

Hand Weapons
 a - a +0 long sword (weapon)
Armour
 b - a +0 scale mail (worn)
 c - a +0 kite shield (worn)
 k - a +0 pair of boots (worn)
Jewellery
 h - a ring of positive energy (left claw)
 l - an uncursed ring of protection from cold
Wands
 o - a wand of digging (5)
Scrolls
 g - 5 scrolls of fear {unknown}
 j - 3 scrolls of identify {unknown}
 r - 2 scrolls of teleportation {unknown}
 s - a scroll of enchant armour {unknown}
Potions
 d - 2 potions of might
 e - 2 potions of mutation {unknown}
 f - 2 potions of stabbing {unknown}
 i - 2 potions of curing {unknown}
 m - a potion of resistance {unknown}
 n - a potion of brilliance {unknown}
 p - a potion of flight {unknown}
 q - a potion of heal wounds {unknown}
 t - a potion of haste {unknown}


   Skills:
 + Level 4.1 Fighting
 + Level 3.0 Long Blades
 + Level 3.6 Armour
 + Level 3.7 Shields


You had 4 spell levels left.
You didn't know any spells.
Your spell library was empty.

Dungeon Overview and Level Annotations

Branches:
Dungeon (4/15)
 Temple: D:4-7

Altars:
Fedhas
Qazlal
Wu Jian


Innate Abilities, Weirdness & Mutations

You have very sharp fingernails.


Message History

The orc wizard points at you and mumbles some strange words.
The puff of flame misses you.
You are confused.
The orc wizard points at you and mumbles some strange words.
The puff of frost hits you.
* * * LOW HITPOINT WARNING * * *
A magic dart appears from out of thin air!
The magic dart hits you but does no damage.
The orc wizard is no longer moving quickly.
The orc wizard looks satisfied for a moment.
A puff of flame appears from out of thin air!
The puff of flame hits you.
* * * LOW HITPOINT WARNING * * *
The orc warrior hits you but does no damage.
You feel less confused. The orc warrior barely misses you.
There is an escape hatch in the ceiling here.
The orc wizard barely misses you.
The orc warrior hits you from afar with a +0 glaive!
You die...

#..## ##...#
#####..## ##...##
##....>..# ##..###
##........###..##
##.........#...##
##............###
#............##
#####
#............#
#...##
#....@.......#
#.....
###...o......(#
#.....
#.......o.....#
#.....
...##..........#
#..... ##
#......o...#
##.....
##.........#
#......
##........###......
###....(..##......
######..##.o....


You could see an orc warrior, an orc wizard and an orc.

Vanquished Creatures
  An orc priest (D:4)
  Ijyb (D:3)
  A worker ant (D:4)
  4 adders
  3 oozes
  A dart slug (D:1)
  5 leopard geckos
  5 orcs
  2 ball pythons
  3 giant cockroaches
  12 goblins
  6 hobgoblins
  7 jackals
  4 kobolds
  2 quokkas
  5 bats
  2 frilled lizards (D:1)
  6 rats
70 creatures vanquished.

Notes
Turn   | Place    | Note
-------+----------+-------------------------------------------
     0 | D:1      | BritishOli the Demonspawn Fighter began the quest for the
                  | Orb.
     0 | D:1      | Reached XP level 1. HP: 18/18 MP: 1/1
   159 | D:1      | Gained mutation: You have sharp fingernails. [demonic
                  | ancestry]
   159 | D:1      | Reached XP level 2. HP: 22/24 MP: 2/2
   793 | D:1      | Gained mutation: You have very sharp fingernails. [demonic
                  | ancestry]
   793 | D:1      | Reached XP level 3. HP: 24/29 MP: 3/3
  1008 | D:2      | Found a blossoming altar of Fedhas.
  1209 | D:2      | Found a faded altar of an unknown god.
  1314 | D:2      | Reached XP level 4. HP: 33/35 MP: 4/4
  1483 | D:2      | Found a stormy altar of Qazlal.
  2048 | D:3      | Found an ornate altar of the Wu Jian Council.
  2062 | D:3      | Noticed Ijyb
  2085 | D:3      | Killed Ijyb
  2504 | D:3      | Reached XP level 5. HP: 42/42 MP: 5/5
  2812 | D:4      | Reached skill level 4 in Fighting
  3200 | D:4      | Noticed an orc warrior
  3235 | D:4      | Mangled by an orc warrior

Illustrated notes

Levels and vault maps discovered:
D:1:      onia_arrival_handbag, layout_loops_ring
D:2:      layout_basic, lemuel_crystal_altar, grunt_qazlal_sundering,
          chequers_ecumenical_altar_simple_redux
D:3:      layout_rooms, lemuel_doored_altar, nicolae_overflow_hidden_temple,
          uniq_ijyb
D:4:      layout_cave_pods

Skill      XL: |  1  2  3  4  5 |
---------------+----------------+-----
Long Blades    | 2 3 |  3.0
Shields        | 3 |  3.7
Armour         | 3 |  3.6
Fighting       | 4 |  4.1

Action                   |  1- 3 |  4- 6 || total
-------------------------+-------+-------++-------
Melee: Long sword        |   122 |   126 ||   248
Armor: Scale mail        |    62 |    64 ||   126
Dodge: Dodged            |    32 |    52 ||    84
Block: Kite shield       |    65 |    80 ||   145
       Rpst.: Long sword |    14 |    18 ||    32

Table legend:
 A = Non-vault XP
 B = Vault XP
 C = Vault XP percentage of total XP
 D = Non-vault monster count
 E = Vault monster count
 F = Vault count percentage of total count
                 A         B        C        D         E       F
            +---------+---------+-------+---------+---------+-------
      Total |     252 |      49 |  16.3 |      65 |       5 |   7.1
            +---------+---------+-------+---------+---------+-------
        D:1 |      40 |      11 |  21.6 |      18 |       4 |  18.2
        D:2 |      69 |       0 |   0.0 |      26 |       0 |   0.0
        D:3 |      39 |      38 |  49.4 |      14 |       1 |   6.7
        D:4 |     104 |       0 |   0.0 |       7 |       0 |   0.0
            +---------+---------+-------+---------+---------+-------
